Map: Dusk Towers

Players

capac

  • Race: Terran Terran
  • League: Gold

lazer - Winner!

  • Race: Zerg Zerg
  • League: Gold

VOD

Have the link to the VOD?

Description

Time

  • Played on: April 12, 2016, 2:28 p.m.
  • Length: 4:51
Show
View Real Time Build Order
Export as new Build Order

capac Terran 

Build Orders: Reaper Expand 

Get SALT Encoding   

  12  0:00  SCV  
  13  0:13  SCV  
  14  0:18  Supply Depot  
  14  0:25  SCV  
  15  0:39  SCV  
  15  0:41  Barracks  
  16  0:45  Refinery  
  16  0:51  SCV  
  17  1:03  SCV  
  18  1:15  SCV  
  19  1:29  Reaper  
  19  1:30  Orbital Command  
  20  1:40  Command Center  
  20  1:48  Supply Depot  
  20  1:56  SCV  
  20  2:00  Marine  
  22  2:10  Factory  
  22  2:12  SCV  
  23  2:19  Barracks  
  23  2:29  Barracks Reactor  
  23  2:42  SCV  
  24  2:55  SCV  
  25  3:08  Barracks Tech Lab, Marine  
  25  3:09  Factory Tech Lab, Marine  
  27  3:15  Refinery  
  27  3:16  Barracks  
  27  3:17  Barracks  
  27  3:18  Orbital Command  
  27  3:26  Starport  
  27  3:28  Engineering Bay  
  27  3:30  Marine x2  
  29  3:38  SCV  
  29  3:50  SCV  
  29  3:53  Bunker  
  29  3:55  SCV  
  31  3:59  Siege Tank  
  35  4:02  SCV  
  35  4:05  Marine x2  
  37  4:15  Marine x2  
  37  4:16  Marine  
  26  4:44  Supply Depot  
  9  4:46  Barracks Reactor  
Show
View Real Time Build Order
Export as new Build Order

lazer Zerg - Winner!

Build Orders: Hatch First, Zergling Baneling 

Get SALT Encoding   

  12  0:01  Drone  
  13  0:13  Overlord  
  13  0:18  Drone  
  14  0:32  Drone x2  
  16  0:42  Drone  
  17  0:57  Drone  
  18  0:58  Hatchery  
  17  1:05  Extractor  
  16  1:15  Spawning Pool  
  15  1:18  Drone  
  15  1:19  Drone  
  15  1:21  Drone  
  18  1:30  Drone  
  19  1:41  Drone  
  20  1:55  Overlord  
  20  2:03  Queen  
  22  2:10  Queen  
  22  2:13  Zergling x4  
  22  2:14  Zergling x2  
  27  2:19  Metabolic Boost  
  27  2:24  Overlord  
  27  2:51  Zergling x2  
  27  2:52  Zergling x8  
  32  3:00  Baneling Nest  
  31  3:22  Zergling x14  
  31  3:23  Zergling x6  
  41  3:33  Overlord  
  41  3:50  Zergling x2  
  41  3:51  Zergling x6  
  41  3:54  Baneling x9  
  45  4:00  Zergling x2  
  45  4:01  Zergling x6  
Tags
 
Add a new tag
Caveats
  • Supply blocks, unpowered buildings, or Contaminate may cause inaccurate times.
  • Supply counts are checked every 10 seconds.